 Dungeon Crawl Stone Soup version 0.31-a0-986-g5e6e4ef867 (webtiles) character file.

Game seed: 15933423831616859244

38 AppTheSpectato the Shooter (level 3, 0/26 HPs)
             Began as a Human Wanderer on Nov 8, 2023.
             Slain by Sigmund
             ... wielding a +0 scythe
              (12 damage)
             ... on level 2 of the Dungeon.
             The game lasted 00:02:39 (917 turns).

AppTheSpectato the Shooter (Human Wanderer)          Turns: 917, Time: 00:02:40

Health: 0/26       AC:  2    Str:  9    XL:     3   Next: 65%
Magic:  4/4        EV: 12    Int:  9    God:
Gold:   74         SH:  0    Dex: 20    Spells: 4/4 levels left

rFire   . . .        a - +2 sling
rCold   . . .        (no shield)
rNeg    . . .        i - +0 robe
rPois   .            (no helmet)
rElec   .            (no cloak)
rCorr   .            (no gloves)
SInv    .            (no boots)
Will    .....        (no amulet)
Stlth   ++           (no ring)
HPRegen 0.24/turn    (no ring)
MPRegen 0.09/turn

%: no passive effects
@: no status effects
A: no striking features
a: no special abilities


You were on level 2 of the Dungeon.
You visited 1 branch of the dungeon, and saw 2 of its levels.

You collected 74 gold pieces.

Inventory:

Hand Weapons
 a - a +2 sling (weapon)
 b - a +0 quarterstaff
Armour
 i - a +0 robe (worn)
Scrolls
 c - 3 scrolls of blinking {unknown}
 d - 2 scrolls of teleportation
 f - a scroll of identify {unknown}
 h - a scroll of noise {unknown}
 j - a scroll of enchant weapon {unknown}
Potions
 e - 2 potions of resistance {unknown}
 g - a potion of degeneration {unknown}
 k - a potion of might {unknown}


   Skills:
 + Level 1.2 Fighting
 - Level 1.0 Staves
 + Level 3.8 Ranged Weapons
 - Level 1.0 Armour
 + Level 1.1 Dodging
 - Level 1.0 Stealth
 - Level 1.0 Spellcasting
 - Level 3.0 Evocations


You had 4 spell levels left.
You didn't know any spells.
Your spell library was empty.

Dungeon Overview and Level Annotations

Branches:
Dungeon (2/15)

Altars:

Annotations:
D:2 Sigmund


Message History

There is a stone staircase leading down here.
You climb downwards.
There is a stone staircase leading up here.
No target in view!
Found an escape hatch in the floor.
An endoplasm comes into view.
An endoplasm is nearby!
You shoot a sling bullet. The sling bullet hits the endoplasm!
You kill the endoplasm!
No target in view!
A quokka comes into view.
There is an escape hatch in the floor here.
You shoot a sling bullet. The sling bullet hits the quokka.
You kill the quokka!
A bat comes into view.
You shoot a sling bullet. The sling bullet hits the bat.
You kill the bat!
No target in view!
Sigmund the Dreaded comes into view.
He is wielding a +0 scythe.
You shoot a sling bullet. The sling bullet hits Sigmund!
Sigmund shouts!
Sigmund is moderately wounded.
A kobold comes into view. It is wielding a +0 short sword.
The kobold shouts!
Sigmund mumbles some strange words.
Sigmund flickers and vanishes!
Deactivating autopickup; reactivate with Ctrl-A.
You shoot a sling bullet. The sling bullet hits the kobold!
You kill the kobold!
You hear some strange, mumbled words.
You are confused.
You bump into the rock wall.
A puff of flame appears from out of thin air!
The puff of flame hits you!
You bump into the rock wall.
A puff of flame appears from out of thin air!
The puff of flame hits you.
You feel less confused. Something hits you!
You die...

#.### #.)..
#.... #....
#.... #....
#...{#####
#.....@..#
####.###.# #.
#.# #.
#.#####.#
###.###........
#......#######.
#...##.### #...
#...# ... #...#


There were no monsters in sight!

Vanquished Creatures
  2 dart slugs (D:1)
  5 ball pythons (D:1)
  3 endoplasms
  2 giant cockroaches (D:1)
  A goblin (D:1)
  3 hobgoblins (D:1)
  5 kobolds
  A quokka (D:2)
  8 bats
  3 rats (D:1)
33 creatures vanquished.

Notes
Turn   | Place    | Note
-------+----------+-------------------------------------------
     0 | D:1      | AppTheSpectato the Human Wanderer began the quest for the
                  | Orb.
     0 | D:1      | AppTheSpectato set off with the following items: a +2
                  | sling, a +0 quarterstaff, a +0 ring mail, a scroll of
                  | teleportation.
     0 | D:1      | Reached XP level 1. HP: 13/13 MP: 2/2
   198 | D:1      | Reached XP level 2. HP: 19/19 MP: 3/3
   393 | D:1      | Reached XP level 3. HP: 25/25 MP: 4/4
   478 | D:1      | Reached skill level 1 in Fighting
   668 | D:1      | Reached skill level 1 in Dodging
   909 | D:2      | Noticed Sigmund
   917 | D:2      | Slain by Sigmund

Illustrated notes

Levels and vault maps discovered:
D:1:      dpeg_arrival_refuge, layout_basic
D:2:      layout_basic, serial_shops, shop, uniq_sigmund, uniq_natasha

Skill      XL: |  1  2  3 |
---------------+----------+-----
Fighting       | 1 |  1.2
Dodging        | 1 |  1.1
Staves         | |  1.0
Ranged Weapons | |  3.8
Armour         | |  1.0
Stealth        | |  1.0
Spellcasting   | |  1.0
Evocations     | |  3.0

Action                     || total
---------------------------++-------
   Fire: Sling             ||    58
 Armour: Skin              ||    13
         Robe              ||     5
  Dodge: Dodged            ||    17

Table legend: (Time is in decaauts)
 A = Elapsed time spent in this place.
 B = Non-inter-level travel time spent in this place.
 C = Inter-level travel time spent in this place.
 D = Time resting spent in this place.
 E = Time spent auto-exploring this place.
 F = Levels seen in this place.
 G = Mean time per level.
                   A        B        C        D        E       F      G
               +--------+--------+--------+--------+--------+-----+--------+
         Total |    929 |    903 |     26 |      0 |    766 |   2 |  464.5 |
       Dungeon |    929 |    903 |     26 |      0 |    766 |   2 |  464.5 |
               +--------+--------+--------+--------+--------+-----+--------+

Top non-repeatable levels by time:
     D:1: 864 daAuts
     D:2: 65 daAuts
